 Dungeon Crawl Stone Soup version 0.27.1-2-g3b301248ec (webtiles) character file.

Game seed: 11652557133856692116

152 Urokeeper the Covered (level 5, 0/33 HPs)
             Began as a Gargoyle Fighter on Sept 30, 2021.
             Blown up by Ijyb (33 damage)
             ... with a mindburst bolt
             ... on level 3 of the Dungeon.
             The game lasted 00:06:05 (2760 turns).

Urokeeper the Covered (Gargoyle Fighter)            Turns: 2760, Time: 00:06:05

Health: 0/33       AC: 17    Str: 20    XL:     5   Next: 34%
Magic:  5/5        EV:  4    Int:  9    God:
Gold:   144        SH:  9    Dex:  9    Spells: 4/4 levels left

rFire    . . .     SeeInvis .   a - +0 flail
rCold    + . .     Faith    .   c - +0 kite shield
rNeg     + . .     Spirit   .   m - +0 plate armour
rPois    ∞         Reflect  .   j - +2 hat
rElec    +         Harm     .   (no cloak)
rCorr    +         Rampage  .   (no gloves)
Will     .....                  (no boots)
Stlth    ..........             (no amulet)
HPRegen  0.11/turn              h - ring of protection from cold
MPRegen  0.09/turn              l - ring of resist corrosion

@: no status effects
A: sickness immunity, AC +4, negative energy resistance 1, electricity
resistance, torment resistance 1, petrification resistance
a: no special abilities


You were on level 3 of the Dungeon.
You visited 1 branch of the dungeon, and saw 3 of its levels.

You collected 144 gold pieces.

Inventory:

Hand Weapons
 a - a +0 flail (weapon)
Missiles
 b - 11 poisoned darts
 i - 7 datura-tipped darts (quivered)
Armour
 c - a +0 kite shield (worn)
 j - a +2 hat (worn)
 m - a +0 plate armour (worn)
Jewellery
 h - a ring of protection from cold (left hand)
 l - a ring of resist corrosion (right hand)
Scrolls
 e - a scroll of magic mapping {unknown}
 g - 2 scrolls of identify {unknown}
 k - a scroll of brand weapon {unknown}
 n - a scroll of vulnerability {unknown}
Potions
 d - a potion of might
 f - a potion of degeneration {unknown}


   Skills:
 + Level 3.9 Fighting
 + Level 3.3 Maces & Flails
 + Level 4.2 Armour
 + Level 0.8 Dodging
 + Level 4.1 Shields


You had 4 spell levels left.
You didn't know any spells.
Your spell library was empty.

Dungeon Overview and Level Annotations

Branches:
Dungeon (3/15)

Altars:

Annotations:
D:3 Ijyb


Innate Abilities, Weirdness & Mutations

You are immune to sickness and miasma.
Your stone body is resilient. (AC +4)
You are immune to poison.
You resist negative energy. (rN+)
You are resistant to electric shocks. (rElec)
You are resistant to unholy torment.
You are immune to petrification.


Message History

The bat hits you but does no damage. The bat hits you but does no damage.
You block the bat's attack. You block the bat's attack.
The bat hits you but does no damage. The bat hits you but does no damage.
The bat hits you but does no damage.
You hit the bat.
The bat is severely wounded.
The bat hits you but does no damage. You block the bat's attack.
You hit the bat.
You kill the bat!
No target in view!
No target in view!
Found a chain mail.
Things that are here:
a +0 club; a +0 chain mail; an orc corpse You see here a +1 short sword of flaming.
g - 2 scrolls labelled ZERIEZXY YPPIR (gained 1)
Found a stone staircase leading up.
A goblin comes into view. It is wielding a +0 club.
The goblin shouts!
A goblin is nearby!
You block the goblin's attack.
You barely miss the goblin. You block the goblin's attack. x2
You miss the goblin. The goblin hits you but does no damage.
You closely miss the goblin. The goblin hits you but does no damage.
You hit the goblin.
You kill the goblin!
No target in view!
No target in view!
You see here a +0 club.
Found an escape hatch in the ceiling.
There is an escape hatch in the ceiling here.
You see here a +0 chain mail.
Found a scroll labelled OSHIDO RIGG.
Ijyb the Twisted Goblin comes into view.
She is wielding a +0 dagger and carrying a wand of mindburst (16).
Ijyb shouts!
Ijyb zaps a wand.
Your mind is blasted!
Ouch! That really hurt!
You die...

..........##....#
..........##....#
..........##....#
..........####..# ########
...g......# #..###.......
..........# ##...##..<....
..........###...<.#...)...
..?........##.........#.##
.........@...[........#..#
..........##..........##..
###...............##..###.
#.....#.........###.####
#....>...............#
#................###.#
#.##..............##.# #
#. ##...))........##.###
##........##........


You could see Ijyb.

Vanquished Creatures
  An orc wizard (D:3)
  5 adders (D:2)
  2 worms (D:2)
  A dart slug (D:1)
  7 orcs
  3 ball pythons
  4 endoplasms
  3 giant cockroaches
  6 goblins
  7 hobgoblins
  3 jackals (D:1)
  6 kobolds
  A quokka (D:3)
  8 bats
  3 frilled lizards
  3 rats
63 creatures vanquished.

Notes
Turn   | Place    | Note
-------+----------+-------------------------------------------
     0 | D:1      | Urokeeper the Gargoyle Fighter began the quest for the Orb.
     0 | D:1      | Reached XP level 1. HP: 14/14 MP: 1/1
   460 | D:1      | Reached XP level 2. HP: 17/19 MP: 2/2
   833 | D:1      | Found a faded altar of an unknown god.
   834 | D:1      | Noticed a golden eye
   858 | D:1      | Noticed a great orb of eyes
   863 | D:1      | Noticed a golden eye
  1052 | D:1      | Noticed a great orb of eyes
  1118 | D:1      | Reached XP level 3. HP: 23/23 MP: 3/3
  1726 | D:2      | Reached XP level 4. HP: 27/29 MP: 4/4
  2518 | D:3      | Reached XP level 5. HP: 33/33 MP: 5/5
  2757 | D:3      | Noticed Ijyb
  2760 | D:3      | Blown up by Ijyb

Illustrated notes

Levels and vault maps discovered:
D:1:      minmay_arrival_four_circles, layout_basic,
          hellmonk_ecumenical_altar_watching_god, minmay_misc_feat_cross
D:2:      layout_rooms
D:3:      layout_rooms, corexii_item_surrounded_by_moat, uniq_ijyb

Skill      XL: |  1  2  3  4  5 |
---------------+----------------+-----
Shields        | 4 |  4.1
Maces & Flails | 3 |  3.3
Armour         | 4 |  4.2
Fighting       | |  3.9
Dodging        | |  0.8

Action                   |  1- 3 |  4- 6 || total
-------------------------+-------+-------++-------
Melee: Flail             |   134 |   148 ||   282
Armor: Scale mail        |    14 |       ||    14
       Chain mail        |   125 |    38 ||   163
       Plate armour      |       |   120 ||   120
Dodge: Dodged            |    44 |    35 ||    79
Block: Kite shield       |   107 |    96 ||   203
